 Dungeon Crawl Stone Soup version 0.22-a0-512-g0943f25 (webtiles) character file.

740005 DrEnzyme the Executioner (level 27, -2/304 (306) HPs)
             Began as a Demonspawn Wanderer on June 18, 2018.
             Was a High Priest of Jiyva.
             Slain by Etarghuek the pandemonium lord (4 damage)
             ... in Pandemonium.
             The game lasted 05:21:27 (68204 turns).

DrEnzyme the Executioner (Demonspawn Wanderer)     Turns: 68204, Time: 05:21:27

HP:   -2/304 (306)  AC: 39    Str: 37    XL:     27
MP:   33/33         EV: 18    Int: 10    God:    Jiyva [*****.]
Gold: 3713          SH: 17    Dex: 15    Spells: 35/36 levels left

rFire    + + .     SeeInvis +   b - +8 broad axe of Hacking and Slashing {flame, MR++}
rCold    + + .     Gourm    .   I - +2 shield of Resistance {rF+ rC+ MR+}
rNeg     + . .     Faith    .   Y - +11 crystal plate armour
rPois    +         Spirit   .   q - +0 hat of Indecent Exposure {-Tele rPois Regen+}
rElec    +         Reflect  .   J - scarf {rC+ rF+}
rCorr    +         Harm     .   (gloves unavailable)
MR       +++++     Clarity  +   s - +0 pair of boots of Circular Logic {Dex+6} Stlth ..........NoTele +
                                L - amulet of the Air {Inacc +Fly rElec EV+5 RMsl}
HPRegen  1.00/turn              M - +4 ring of strength
MPRegen  0.23/turn              V - ring "Toliful" {Wiz rN+}

@: studying Long Blades, drained, repel missiles
A: claws 3, talons 1, iridescent scales 3, see invisible, clarity, powered by
death 3, robust 3, electricity resistance, spiny 3, pseudopods 1
}: 6/15 runes: decaying, slimy, silver, abyssal, demonic, gossamer
a: Request Jelly, Slimify, Cure Bad Mutation, Renounce Religion, Evoke Flight


You were in Pandemonium.
You worshipped Jiyva.
Jiyva was extremely pleased with you.
You were full.

You visited 12 branches of the dungeon, and saw 52 of its levels.
You visited Pandemonium 1 time, and saw 13 of its levels.
You visited the Abyss 1 time.
You also visited: Trove, Ice Cave and Volcano.

You collected 8172 gold pieces.
You spent 4459 gold pieces at shops.

Inventory:

Hand Weapons
 b - the +8 broad axe of Hacking and Slashing (weapon) {flame, MR++}
   (Okawaru gifted it to you on level 3 of the Swamp)

   It has been specially enchanted to burn those struck by it, causing extra
   injury to most foes and up to half again as much damage against particularly
   susceptible opponents.
   Big, fiery blades are also staple armaments of hydra-hunters.
   It affects your resistance to hostile enchantments.
 y - the +8 frozen axe "Frostbite" {freezing cloud, *Noise +Fly rC+}
   (Okawaru gifted it to you on level 4 of the Spider Nest)

   It has been specially enchanted to freeze those struck by it, causing extra
   injury to most foes and up to half again as much damage against particularly
   susceptible opponents.
   It can also slow down cold-blooded creatures.
   It protects you from cold.
   It lets you fly.
   It may make noises in combat.
Armour
 q - the +0 hat of Indecent Exposure (worn) {-Tele rPois Regen+}
   (Okawaru gifted it to you on level 1 of the Elven Halls)

   It protects you from poison.
   It prevents most forms of teleportation.
   It increases your rate of regeneration.
 s - the +0 pair of boots of Circular Logic (worn) {Dex+6}
   (You acquired it on level 5 of the Vaults)

   It affects your dexterity (+6).
 t - a +1 pair of boots of running
 D - the +0 hat of Okawaru {*Contam +Inv Dex+8}
   (Okawaru gifted it to you on level 4 of the Swamp)

   It affects your dexterity (+8).
   It lets you turn invisible.
   It causes magical contamination when unequipped.
 I - the +2 shield of Resistance (worn) {rF+ rC+ MR+}
   (You found it on level 5 of the Vaults)

   It protects you from fire.
   It protects you from cold.
   It affects your resistance to hostile enchantments.
 J - a scarf of resistance (worn)
 X - a +2 pair of boots of flying
 Y - a +11 crystal plate armour (worn)
Jewellery
 e - an uncursed ring of protection from fire
 F - an uncursed ring of protection from magic
 L - the amulet of the Air (around neck) {Inacc +Fly rElec EV+5 RMsl}
   (You found it on level 1 of the Vaults)

   [amulet of inaccuracy]

   It reduces the accuracy of all your attacks.
   It affects your evasion (+5).
   It insulates you from electricity.
   It lets you fly.
   It protects you from missiles.
 M - a +4 ring of strength (left claw)
 T - an uncursed ring of protection from cold
 V - the ring "Toliful" (right claw) {Wiz rN+}
   (You took it off a deep elf master archer on level 3 of the Elven Halls)

   [ring of wizardry]

   It improves your spell success rate.
   It protects you from negative energy.
Wands
 l - a wand of digging (68)
 v - a wand of paralysis (45)
 w - a wand of disintegration (23)
 G - a wand of acid (23)
 O - a wand of scattershot (15)
 U - a wand of enslavement (14)
Scrolls
 g - 22 scrolls of remove curse
 i - 5 scrolls of identify
 j - 5 scrolls of blinking
 m - 2 scrolls of fear
 u - 10 scrolls of enchant weapon
 C - 5 scrolls of brand weapon
 K - a scroll of fog
 N - 14 scrolls of teleportation
 Z - 7 scrolls of magic mapping
Potions
 h - 8 potions of cancellation
 p - 18 potions of curing
 x - a potion of invisibility
 z - 6 potions of brilliance
 A - a potion of resistance
 B - a potion of haste
 E - a potion of heal wounds
Books
 c - a manual of Long Blades
Miscellaneous
 a - the horn of Geryon
 d - a lightning rod (4/4)
 n - 2 boxes of beasts
 o - 6 phantom mirrors
 r - a lamp of fire (inert)
Comestibles
 f - 40 rations


   Skills:
 + Level 23.5(23.1) Fighting
 - Level 24.6(25.5) Axes
   Level 15.6(21.3) Maces & Flails
   Level 3.5(16.9) Polearms
 - Level 1.7(1.5) Throwing
 + Level 21.0(20.6) Armour
 - Level 9.8(9.5) Dodging
 - Level 3.9(3.6) Stealth
 + Level 12.4(12.1) Shields
 - Level 5.3(5.0) Spellcasting
   Level 14.2(13.9) Invocations
 - Level 9.0(8.7) Evocations


You had 35 spell levels left.
You knew the following spells:

 Your Spells              Type           Power        Failure   Level  Hunger
a - Apportation           Tloc           #.....       61%         1    None

Your spell library contained the following spells:

 Spells                   Type           Power        Failure   Level  Hunger
 Cause Fear               Hex            #.........   100%        4    ####...
 Magic Dart               Conj           #...         61%         1    None
 Fireball                 Conj/Fire      #.........   100%        5    ######.
 Conjure Flame            Conj/Fire      #.......     91%         3    ###....
 Bolt of Fire             Conj/Fire      #.........   100%        6    #######
 Bolt of Cold             Conj/Ice       #.........   100%        6    #######
 Lightning Bolt           Conj/Air       #.........   100%        5    ######.
 Slow                     Hex            #.......     75%         2    ##.....
 Confuse                  Hex            #.......     91%         3    ###....
 Invisibility             Hex            #.......     100%        6    #######
 Throw Flame              Conj/Fire      #.....       75%         2    ##.....
 Throw Frost              Conj/Ice       #.....       75%         2    ##.....
 Freezing Cloud           Conj/Ice/Air   #.........   100%        6    #######
 Mephitic Cloud           Conj/Pois/Air  #.......     91%         3    ###....
 Ring of Flames           Chrm/Fire      #.........   100%        7    #######
 Summon Small Mammal      Summ           #...         61%         1    None
 Lehudib's Crystal Spear  Conj/Erth      #.........   100%        8    #######
 Fire Storm               Conj/Fire      #.........   100%        9    #######
 Blink                    Tloc           N/A          75%         2    ##.....
 Summon Horrible Things   Summ           #.........   100%        8    #######
 Animate Dead             Necr           N/A          100%        4    ####...
 Pain                     Necr           #...         61%         1    None
 Animate Skeleton         Necr           N/A          61%         1    None
 Vampiric Draining        Necr           #.........   91%         3    ###....
 Freeze                   Ice            #...         61%         1    None
 Ozocubu's Refrigeration  Ice            #.........   100%        6    #######
 Sticky Flame             Conj/Fire      #.......     100%        4    ####...
 Summon Ice Beast         Ice/Summ       #.......     100%        4    ####...
 Ozocubu's Armour         Chrm/Ice       #.......     91%         3    ###....
 Call Imp                 Summ           #.......     75%         2    ##.....
 Poison Arrow             Conj/Pois      #.........   100%        6    #######
 Regeneration             Chrm/Necr      #.........   91%         3    ###....
 Sting                    Conj/Pois      #...         61%         1    None
 Sublimation of Blood     Necr           #.........   75%         2    ##.....
 Tukima's Dance           Hex            #.......     91%         3    ###....
 Summon Demon             Summ           #.........   100%        5    ######.
 Summon Greater Demon     Summ           #.........   100%        7    #######
 Corpse Rot               Necr           N/A          75%         2    ##.....
 Iron Shot                Conj/Erth      #.........   100%        6    #######
 Stone Arrow              Conj/Erth      #.....       91%         3    ###....
 Shock                    Conj/Air       #...         61%         1    None
 Swiftness                Chrm/Air       #.......     75%         2    ##.....
 Recall                   Summ/Tloc      N/A          91%         3    ###....
 Ice Form                 Ice/Tmut       #.......     100%        4    ####...
 Death Channel            Necr           #.........   100%        6    #######
 Deflect Missiles         Chrm/Air       #.........   100%        6    #######
 Throw Icicle             Conj/Ice       #.......     100%        4    ####...
 Glaciate                 Conj/Ice       #.........   100%        9    #######
 Airstrike                Air            #.........   100%        4    ####...
 Shadow Creatures         Summ           N/A          100%        6    #######
 Confusing Touch          Hex            #.....       61%         1    None
 Flame Tongue             Conj/Fire      #....        61%         1    None
 Ignite Poison            Fire/Tmut/Pois #.......     91%         3    ###....
 Ensorcelled Hibernation  Hex/Ice        #.....       75%         2    ##.....
 Metabolic Englaciation   Hex/Ice        #.........   100%        5    ######.
 Summon Butterflies       Summ           #.......     61%         1    None
 Silence                  Hex/Air        #.........   100%        5    ######.
 Shatter                  Erth           #.........   100%        9    #######
 Dispersal                Tloc           #.........   100%        6    #######
 Static Discharge         Conj/Air       #.......     91%         3    ###....
 Corona                   Hex            #......      61%         1    None
 Alistair's Intoxication  Tmut/Pois      #.......     100%        5    ######.
 Simulacrum               Ice/Necr       #.........   100%        6    #######
 Conjure Ball Lightning   Conj/Air       #.........   100%        6    #######
 Chain Lightning          Conj/Air       #.........   100%        8    #######
 Monstrous Menagerie      Summ           #.........   100%        7    #######
 Petrify                  Tmut/Erth      #.......     100%        4    ####...
 Orb of Destruction       Conj           #.........   100%        7    #######
 Malign Gateway           Summ/Tloc      #.........   100%        7    #######
 Tornado                  Air            #.........   100%        9    #######
 Leda's Liquefaction      Hex/Erth       #.........   100%        4    ####...
 Summon Hydra             Summ           #.........   100%        7    #######
 Darkness                 Hex            #.........   100%        6    #######
 Shroud of Golubria       Chrm/Tloc      #.........   75%         2    ##.....
 Inner Flame              Hex/Fire       #.......     91%         3    ###....
 Aura of Abjuration       Summ           #.........   100%        5    ######.
 Dazzling Spray           Conj/Hex       #.....       91%         3    ###....
 Force Lance              Conj/Tloc      #.......     100%        4    ####...
 Infusion                 Chrm           #...         61%         1    None
 Song of Slaying          Chrm           #.......     75%         2    ##.....
 Spectral Weapon          Hex/Chrm       #.......     91%         3    ###....
 Searing Ray              Conj           #.....       75%         2    ##.....
 Discord                  Hex            #.........   100%        8    #######
 Summon Forest            Summ/Tloc      #.........   100%        5    ######.
 Summon Lightning Spire   Summ/Air       #.......     100%        4    ####...
 Summon Mana Viper        Hex/Summ       #.......     100%        5    ######.
 Hydra Form               Tmut           #.........   100%        6    #######
 Irradiate                Conj/Tmut      #.........   100%        5    ######.
 Gell's Gravitas          Tloc           #.........   91%         3    ###....
 Yara's Violent Unravell  Hex/Tmut       #.........   100%        5    ######.
 Lesser Beckoning         Tloc           #.........   91%         3    ###....
 Poisonous Vapours        Pois/Air       #.....       75%         2    ##.....
 Ignition                 Fire           #.........   100%        8    #######
 Borgnjor's Vile Clutch   Necr/Erth      #.........   100%        5    ######.


Dungeon Overview and Level Annotations

Branches:
Dungeon (15/15)            Temple (1/1) D:5            Lair (6/6) D:8
  Swamp (4/4) Lair:3       Spider (4/4) Lair:3        Slime (5/5) Lair:5
    Orc (2/2) D:12            Elf (3/3) Orc:2        Vaults (5/5) D:14
  Crypt (0/3) Vaults:3     Depths (5/5) D:15           Hell (1/1)
    Dis (0/7) Hell            Geh (0/7) Hell            Coc (0/7) Hell
    Tar (0/7) Hell            Zot (1/5) Depths:5

Altars:
Ashenzari
Cheibriados
Dithmenos
Elyvilon
Fedhas
Gozag
Hepliaklqana
Kikubaaqudgha
Makhleb
Nemelex Xobeh
Okawaru
Qazlal
Ru
Sif Muna
Trog
Uskayaw
Vehumet
Wu Jian
Xom
Yredelemnul
Zin
The Shining One
Beogh
Jiyva

Shops:
D:4 (   D:7 :   D:15 [   Orc:2 :[*(   Vaults:1 :   Vaults:4 (   Depths:1 [!:((
Depths:4 (

Portals:
Hell: Depths:1 Depths:2 Depths:3 Depths:4 Depths:5
Abyss: Depths:4
Pandemonium: Depths:3
Ziggurat: Depths:1

Annotations:
D:2 exclusion: downstairs
D:3 exclusion: 2 downstairs
D:7 exclusion: downstairs
D:8 exclusion: downstairs
D:10 3 runed doors, exclusion: 3 doors, Xesydacie's ghost, journeyman MiBe
D:13 exclusion: 2 downstairs
Lair:1 3 runed doors, DrEnzyme's ghost, journeyman DsWn
Swamp:1 exclusion: downstairs
Spider:1 exclusion: downstairs
Spider:3 exclusion: downstairs
Slime:5 Royal Jelly
Elf:2 3 runed doors, exclusion: 3 doors
Depths:1 exclusion: 2 downstairs
Depths:2 exclusion: 2 doors


Innate Abilities, Weirdness & Mutations

You have claws for hands.
You are completely covered in iridescent scales. (AC +6)
You regenerate a lot of health from kills.
You are extremely robust. (+30% HP)
You are completely covered in sharp spines.
You have sharp toenails.
You have supernaturally acute eyesight. (SInv)
You possess an exceptional clarity of mind.
You are resistant to electric shocks. (rElec)
Armour fits poorly on your pseudopods.


Message History

Etarghuek sneers, "Accept thy doom, thou obnoxious weevil-witted maggot-pie!"
Etarghuek hits you but does no damage.
You writhe in agony.
* * * LOW HITPOINT WARNING * * *
Okay, then.
Evoke which item? (* to show all) (? for menu, Esc to quit)
Aiming: Enslavement
Press: ? - help, Shift-Dir - straight line, f - Etarghuek
Aim: Etarghuek (lightly wounded, chance to defeat MR: 0%)
Okay, then.
Unknown command.
Evoke which item? (* to show all) (? for menu, Esc to quit)
Aiming: Scattershot
Press: ? - help, Shift-Dir - straight line, f - Etarghuek
Aim: Etarghuek (lightly wounded)
The burst of metal fragments hits Etarghuek. x7
Etarghuek is lightly wounded.
Etarghuek hits you!!
* * * LOW HITPOINT WARNING * * *
You writhe in agony.
You die...

..... #.... #.... ###...## ##...
......## ##.... ......## ##.....
##### #......# ##.6.... ....#
#...... #..&.... ....# #....#
#.... ....# # #..@# ##..6
)####(.#######.&## ##..
.................## ##...
..................## ##....
##############.....## ##.....
.............#.....3## ##1.....
.............'.......## ##.......
#####'#####)[#........###.3......
..........#).#...[...4.#ยง1.......


You could see Etarghuek.

Vanquished Creatures
  An ancient lich (Vaults:5)
  3 juggernauts (Depths:5)
  Xtahua (Depths:4)
  Margery (Vaults:3)
  Nikola (Vaults:1)
  A caustic shrike (Depths:5)
  Geryon (Hell)
  5 pandemonium lords (Pan)
  2 golden dragons
  Jory (Vaults:4)
  Arachne (Spider:2)
  7 Tzitzimimeh (Pan)
  2 Brimstone Fiends (Pan)
  4 liches
  13 tentacled monstrosities
  Rupert (Lair:6)
  Asterion (Vaults:1)
  3 Hell Sentinels (Pan)
  20 titans
  10 deep elf blademasters
  8 Executioners (Pan)
  A kraken (Abyss:3)
  2 ancient champions
  3 quicksilver dragons
  10 deep elf master archers
  3 death cobs
  10 tengu reavers
  A tentacled starspawn (Abyss:3)
  7 sphinxes
  8 shadow dragons
  2 thorn hunters
  5 storm dragons
  A draconian monk (Depths:5)
  29 fire giants
  14 deep elf sorcerers
  4 ghost moths
  A juggernaut zombie (D:15)
  8 cacodemons
  22 frost giants
  16 vault wardens
  An iron dragon (shapeshifter) (Depths:4)
  4 iron dragons
  13 balrugs
  8 emperor scorpions
  15 ironheart preservers
  4 warmongers (Pan)
  2 angels (Depths:4)
  7 deep elf elementalists
  9 reapers
  32 very ugly things
  5 entropy weavers
  3 spriggan defenders (Depths:5)
  4 blood saints (Pan)
  3 vampire knights (Depths:5)
  40 stone giants
  The ghost of SnowToad the Bludgeoner, a journeyman MiBe of Trog (Spider:1)
  3 war gargoyles
  Nessos (D:14)
  2 green draconians
  5 black suns (Pan)
  A spark wasp (shapeshifter) (Depths:5)
  7 deep elf demonologists
  3 corrupters (Pan)
  11 deep elf annihilators
  2 yellow draconians
  4 spark wasps (Depths:5)
  2 purple draconians (Zot:1)
  2 red draconians (Zot:1)
  13 lorocyprocas
  A white draconian (Hell)
  A merfolk javelineer (Depths:1)
  17 blizzard demons
  23 ettins
  7 deep elf high priests
  11 deep elf death magi
  A death ooze (Swamp:4)
  2 merfolk impalers
  11 fire dragons
  8 green deaths
  29 yaktaur captains
  A kraken zombie (Hell)
  12 great orbs of eyes
  20 ice dragons
  9 jiangshi
  15 hydras
  31 vault guards
  9 hell beasts
  2 rakshasas
  7 spriggan air magi
  7 monstrous demonspawn (Pan)
  2 juggernaut simulacra (Pan)
  2 death knights
  58 two-headed ogres
  7 death yaks
  3 ghost crabs
  2 catoblepae
  13 centaur warriors
  A deep troll shaman (Depths:3)
  10 deep troll earth magi
  14 alligators
  8 dancing weapons
  6 tengu warriors
  15 ogre magi
  6 vampire magi
  7 hell hogs
  8 spriggan berserkers
  An orc high priest (Orc:2)
  17 hell knights
  15 soul eaters
  4 thrashing horrors
  44 sun demons
  2 iron trolls
  24 deep elf knights
  3 wretched stars
  A sea snake (Lair:6)
  3 iron golems
  9 sixfirhies
  2 shadow wraiths
  A salamander mystic (Volcano)
  A death drake (shapeshifter) (Vaults:3)
  24 skeletal warriors
  A spark wasp zombie (D:15)
  2 fire crabs
  A glowing orange brain (shapeshifter) (Vaults:5)
  8 infernal demonspawn (Pan)
  A quicksilver dragon simulacrum (Hell)
  6 shadow demons (Pan)
  A shambling mangrove (Abyss:3)
  9 gelid demonspawn (Pan)
  4 unseen horrors
  6 torturous demonspawn (Pan)
  9 starcursed masses (Abyss:2)
  18 deep trolls
  A sphinx zombie (Vaults:4)
  5 flayed ghosts
  24 ironbrand convokers
  A wizard (Vaults:3)
  10 swamp dragons
  A tengu zombie (Vaults:4)
  9 necromancers
  3 wolf spider zombies
  3 phantasmal warriors
  An anaconda skeleton (Hell)
  19 orb spiders
  22 deep elf archers
  12 harpies
  30 wolf spiders
  2 orb spiders (shapeshifter) (Vaults:4)
  74 deep elf magi
  12 orc knights
  6 moths of wrath
  4 salamanders (Volcano)
  4 orc sorcerers
  15 cyclopes
  36 ugly things
  7 elephants (Lair:6)
  A frost giant zombie (D:15)
  2 iron dragon skeletons
  A fire giant skeleton (Vaults:5)
  A manticore (D:11)
  2 worldbinders (Abyss:2)
  A black mamba (Lair:1)
  2 apocalypse crabs (Abyss:3)
  2 torpor snails (Spider:1)
  9 rust devils
  15 vault sentinels
  4 ice statues
  A frost giant skeleton (Hell)
  A stone giant skeleton (Hell)
  3 molten gargoyles
  13 orange demons
  26 smoke demons
  A guardian serpent (Abyss:2)
  8 hellions
  18 spiny frogs
  A rime drake (IceCv)
  7 komodo dragons
  64 yaktaurs
  5 freezing wraiths
  A kobold demonologist (D:13)
  A catoblepas skeleton (Hell)
  A yaktaur zombie (D:15)
  4 tormentors (Pan)
  A yaktaur (shapeshifter) (Vaults:4)
  An anaconda simulacrum (Hell)
  4 efreet
  2 ancient zymes (Abyss:2)
  15 red devils
  11 demonic crawlers
  14 ice devils
  9 hellwings (Pan)
  A harpy zombie (D:12)
  A jumping spider (shapeshifter) (Depths:3)
  24 jumping spiders
  A guardian mummy (D:15)
  A polar bear (shapeshifter) (Elf:3)
  10 trolls
  3 hydra zombies (Hell)
  15 polar bears
  4 tengu conjurers
  18 hornets
  A meliai (shapeshifter) (Vaults:1)
  A wind drake (shapeshifter) (Depths:3)
  A hornet (shapeshifter) (Vaults:1)
  Grinder (D:5)
  9 dream sheep (Lair:4)
  A harpy skeleton (D:12)
  12 tyrant leeches
  An alligator zombie (Hell)
  A raiju (shapeshifter) (Vaults:5)
  A human simulacrum (Vaults:3)
  52 slime creatures
  6 bog bodies (Swamp:4)
  19 blink frogs
  A snapping turtle (shapeshifter) (Depths:3)
  32 large abominations
  A centaur simulacrum (D:15)
  An ettin skeleton (Vaults:5)
  A frost giant simulacrum (Hell)
  An air elemental (Elf:2)
  A meliai zombie (D:12)
  12 water elementals
  7 spriggans
  11 hippogriffs
  2 redbacks (shapeshifter)
  2 spriggans (shapeshifter)
  7 shadows
  46 yaks
  5 wraiths
  106 redbacks
  4 wyverns
  9 ynoxinuls (Pan)
  A vampire (D:9)
  5 basilisks
  A hog (shapeshifter) (Vaults:3)
  16 humans (D:14)
  A yak (shapeshifter) (Vaults:1)
  34 tarantellas
  Grum (D:8)
  5 small abominations
  5 fire bats (Volcano)
  A golden eye (shapeshifter) (Vaults:4)
  9 fire elementals
  3 hungry ghosts
  20 chaos spawn
  A hog (Lair:6)
  A steam dragon (D:6)
  9 neqoxecs (Pan)
  8 insubstantial wisps
  12 swamp worms
  6 wargs
  14 vampire mosquitoes
  A soldier ant (shapeshifter) (Depths:3)
  Duvessa (D:4)
  An acid dragon (Vaults:1)
  A floating eye (Depths:5)
  15 water moccasins
  15 hell hounds
  7 porcupines
  A sky beast (shapeshifter) (Vaults:5)
  A spiny frog zombie (Hell)
  10 swamp drakes
  An eye of draining (D:10)
  2 sky beasts
  3 phantoms
  An alligator simulacrum (Hell)
  32 orc warriors
  2 hornet zombies
  4 ice beasts
  14 centaurs
  39 ogres
  A human zombie (Vaults:4)
  10 boggarts
  44 wolves
  6 crocodiles
  An elf skeleton (Vaults:4)
  2 big kobolds
  A gnoll sergeant (D:9)
  A wyvern zombie (D:14)
  2 earth elementals
  A spiny frog simulacrum (Hell)
  16 bullfrogs
  A glowing shapeshifter simulacrum (Vaults:5)
  Dowan (D:4)
  2 scorpions
  A swamp dragon simulacrum (Hell)
  5 wights (D:9)
  10 killer bees (D:11)
  3 howler monkeys
  9 electric eels
  7 centaur zombies
  2 bullfrog zombies
  11 crimson imps
  7 lava snakes (Volcano)
  7 hounds
  8 jellies
  24 orc wizards
  28 orc priests
  3 bullfrog skeletons
  13 centaur skeletons
  4 iguanas
  2 iron imps
  7 hell rats (Hell)
  13 worker ants
  2 hound zombies
  A hound skeleton (D:6)
  A worker ant zombie (D:6)
  12 gnolls
  16 adders
  3 white imps
  2 ufetubi
  An adder zombie (D:6)
  An adder skeleton (D:5)
  4 worms
  4 leopard geckos
  94 orcs
  3 ball pythons
  6 giant cockroaches
  5 goblins
  6 hobgoblins
  20 jackals
  2 quokkas
  A ball python skeleton (D:6)
  10 bats
  8 frilled lizards
  11 kobolds
  2 leopard gecko skeletons
  An orc zombie (Abyss:2)
  8 rats
  A crawling corpse (Elf:3)
  A fire vortex (Pan)
  9 fungi
  A plant (Lair:6)
  3 starspawn tentacles (Abyss:3)
  6 tentacles
2832 creatures vanquished.

Vanquished Creatures (collateral kills)
  A juggernaut (Depths:2)
1 creature vanquished.

Vanquished Creatures (others)
  5 acid blobs
  An azure jelly (Slime:1)
  A blizzard demon (Pan)
  2 death oozes
  A deep elf death mage (Pan)
  A deep elf high priest (Vaults:3)
  An ice dragon (shapeshifter) (Vaults:5)
  A two-headed ogre (Vaults:4)
  An ogre mage (Vaults:3)
  A spriggan berserker (Depths:5)
  A soul eater (Pan)
  A skeletal warrior (Hell)
  A deep elf archer (Elf:3)
  A shining eye (Slime:1)
  A smoke demon (Pan)
  A hellion (Pan)
  A yaktaur (Vaults:1)
  3 demonic crawlers
  A hornet (Spider:1)
  A red devil (Pan)
  15 slime creatures
  2 redbacks (Spider:4)
  A ynoxinul (Pan)
  5 chaos spawn (Pan)
  A swamp drake (Swamp:4)
  2 eyes of draining
  82 jellies
  7 fungi
  A lurking horror (Abyss:2)
  15 plants
  2 starspawn tentacles (Abyss:3)
  4 tentacles
  3 withered plants (D:15)
167 creatures vanquished.

Grand Total: 3000 creatures vanquished

Notes
Turn   | Place    | Note
-------+----------+-------------------------------------------
     0 | D:1      | DrEnzyme the Demonspawn Wanderer began the quest for the Orb.
     0 | D:1      | DrEnzyme set off with: a +2 scale mail, a scroll of teleportation, a +0 spear, a +0 dagger, a ration
     0 | D:1      | Reached XP level 1. HP: 16/16 MP: 1/1
   480 | D:1      | Gained mutation: You regenerate a little health from kills. [demonic ancestry]
   480 | D:1      | Reached XP level 2. HP: 22/22 MP: 2/2
   831 | D:2      | Reached skill level 1 in Dodging
  1025 | D:2      | Gained mutation: You regenerate health from kills. [demonic ancestry]
  1025 | D:2      | Reached XP level 3. HP: 28/28 MP: 3/3
  1723 | D:2      | Reached XP level 4. HP: 34/34 MP: 4/4
  2156 | D:2      | Found a snail-covered altar of Cheibriados.
  2156 | D:2      | Found a white marble altar of Elyvilon.
  2481 | D:3      | Reached XP level 5. HP: 41/41 MP: 5/5
  2642 | D:3      | Gained mutation: You passively map a small area around you. [potion of mutation]
  2642 | D:3      | Gained mutation: Your magical capacity is low. (-10% MP) [potion of mutation]
  2642 | D:3      | Gained mutation: You have a pair of small horns on your head. [potion of mutation]
  3443 | D:4      | Noticed Duvessa
  3443 | D:4      | Noticed Dowan
  3484 | D:3      | Gained mutation: You are partially covered in sharp spines. [demonic ancestry]
  3484 | D:3      | Reached XP level 6. HP: 48/48 MP: 5/5
  3569 | D:4      | Found Jawnek's Antique Weapon Shoppe.
  3773 | D:4      | Bought an iridescent war axe for 170 gold pieces
  3773 | D:4      | Identified the +6 war axe of Hiej {flame, rC+} (You bought it in a shop on level 4 of the Dungeon)
  3817 | D:4      | Killed Duvessa
  3817 | D:4      | Reached skill level 1 in Axes
  3824 | D:4      | Killed Dowan
  3824 | D:4      | Gained mutation: You are partially covered in iridescent scales. (AC +2) [demonic ancestry]
  3824 | D:4      | Reached XP level 7. HP: 55/55 MP: 6/6
  3910 | D:4      | Reached skill level 2 in Axes
  3990 | D:5      | Entered Level 5 of the Dungeon
  4058 | D:5      | Noticed Grinder
  4062 | D:5      | Found a snail-covered altar of Cheibriados.
  4065 | D:5      | Killed Grinder
  4065 | D:5      | Reached skill level 5 in Fighting
  4312 | D:5      | Found a staircase to the Ecumenical Temple.
  4364 | Temple   | Entered the Ecumenical Temple
  4605 | Temple   | Became a worshipper of Warmaster Okawaru
  4933 | D:5      | Gained mutation: You have sharp fingernails. [demonic ancestry]
  4933 | D:5      | Reached XP level 8. HP: 58/62 MP: 7/7
  5122 | D:6      | Reached skill level 3 in Axes
  5185 | D:6      | Found a hazy altar of Hepliaklqana.
  5228 | D:6      | Reached * piety under Okawaru
  5559 | D:6      | Reached skill level 5 in Armour
  5559 | D:6      | Reached skill level 5 in Dodging
  5612 | D:6      | Reached skill level 4 in Axes
  5707 | D:5      | Reached ** piety under Okawaru
  5713 | D:5      | Gained mutation: You are mostly covered in iridescent scales. (AC +4) [demonic ancestry]
  5713 | D:5      | Reached XP level 9. HP: 58/69 MP: 8/8
  5880 | D:5      | Reached skill level 1 in Evocations
  6038 | D:6      | Noticed a two-headed ogre
  6400 | D:7      | Found Buschouq's Book Shop.
  6482 | D:7      | Reached skill level 5 in Axes
  6658 | D:7      | Reached *** piety under Okawaru
  6939 | D:8      | Noticed a catoblepas
  6939 | D:8      | Noticed a tengu conjurer
  6993 | D:8      | Found an opulent altar of Gozag.
  7195 | D:8      | Noticed a two-headed ogre
  7207 | D:8      | Killed a two-headed ogre
  7207 | D:8      | Gained mutation: You regenerate a lot of health from kills. [demonic ancestry]
  7207 | D:8      | Reached XP level 10. HP: 39/80 MP: 11/11
  7710 | D:8      | Found an ancient bone altar of Kikubaaqudgha.
  7751 | D:8      | Reached **** piety under Okawaru
  7751 | D:8      | Reached skill level 6 in Axes
  8128 | D:9      | Noticed a two-headed ogre
  8162 | D:8      | Noticed Grum
  8486 | D:8      | Found a staircase to the Lair.
  8611 | D:9      | Reached skill level 5 in Evocations
  8869 | D:9      | Received a gift from Okawaru
  8933 | D:9      | Killed a two-headed ogre
  8933 | D:9      | Reached ***** piety under Okawaru
  9229 | D:9      | Reached skill level 7 in Axes
  9568 | D:10     | Entered Level 10 of the Dungeon
  9599 | D:10     | Reached XP level 11. HP: 83/87 MP: 0/14
 10007 | D:10     | Found a shimmering altar of Xom.
 10149 | D:10     | Received a gift from Okawaru
 10156 | D:10     | Got an encrusted hunting sling {god gift}
 10323 | D:10     | Found a runed gate.
 10323 | D:10     | Found a runed gate.
 10323 | D:10     | Found a runed gate.
 10325 | D:10     | Noticed Xesydacie's ghost (journeyman MiBe)
 10593 | D:11     | Killed an unseen horror
 10742 | D:11     | Learned a level 1 spell: Apportation
 11325 | Lair:1   | Entered Level 1 of the Lair of Beasts
 11368 | Lair:1   | Reached skill level 8 in Axes
 11596 | Lair:1   | Noticed DrEnzyme's ghost (journeyman DsWn)
 11601 | Lair:1   | Noticed a five-headed hydra
 11625 | Lair:1   | Found a runed gate.
 11626 | Lair:1   | Found a runed gate.
 11674 | Lair:1   | Received a gift from Okawaru
 11733 | Lair:1   | Found a runed gate.
 11837 | Lair:1   | Reached skill level 10 in Fighting
 12262 | Lair:2   | Reached skill level 1 in Shields
 12351 | Lair:2   | Noticed an eight-headed hydra
 12356 | Lair:2   | Killed an eight-headed hydra
 12494 | Lair:2   | Gained mutation: You have very sharp fingernails. [demonic ancestry]
 12494 | Lair:2   | Reached XP level 12. HP: 31/97 MP: 16/16
 13571 | Lair:3   | Found a hole to the Spider Nest.
 13668 | Lair:3   | Found a staircase to the Swamp.
 14169 | Lair:4   | Reached ****** piety under Okawaru
 14181 | Lair:4   | Reached skill level 9 in Axes
 14599 | Lair:5   | Found a staircase to the Slime Pits.
 14599 | Lair:5   | Found a viscous altar of Jiyva.
 14603 | Lair:5   | Noticed a death yak
 14604 | Lair:5   | Noticed a death yak
 14604 | Lair:5   | Noticed a death yak
 14610 | Lair:5   | Noticed a death yak
 14610 | Lair:5   | Noticed a death yak
 14632 | Lair:4   | Killed a death yak
 14632 | Lair:4   | Received a gift from Okawaru
 14636 | Lair:4   | Killed a death yak
 14638 | Lair:4   | Got a polished executioner's axe {god gift}
 14639 | Lair:4   | Identified the +1 executioner's axe "Osaskeec" {freeze, rElec rC+ rN+ Dex-3} (Okawaru gifted it to you on level 4 of the Lair of Beasts)
 14715 | Lair:4   | Killed a death yak
 14730 | Lair:4   | Killed a death yak
 14730 | Lair:4   | Killed a death yak
 14751 | Lair:5   | Found a white marble altar of Elyvilon.
 14784 | Lair:5   | Found a dark tunnel.
 14792 | Volcano  | Entered a volcano
 14825 | Volcano  | Received a gift from Okawaru
 14931 | Volcano  | Gained mutation: You are mostly covered in sharp spines. [demonic ancestry]
 14931 | Volcano  | Reached XP level 13. HP: 87/106 MP: 17/17
 15003 | Volcano  | Found a radiant altar of Vehumet.
 15018 | Volcano  | Reached skill level 10 in Axes
 16119 | Lair:6   | Entered Level 6 of the Lair of Beasts
 16132 | Lair:6   | Received a gift from Okawaru
 16225 | Lair:6   | Noticed Rupert
 16251 | Lair:6   | Killed Rupert
 16251 | Lair:6   | Reached skill level 11 in Axes
 16407 | Lair:6   | Received a gift from Okawaru
 16495 | Lair:6   | Identified the +2 hunting sling "Upnycen" {flame, rF+ Stlth+} (Okawaru gifted it to you on level 10 of the Dungeon)
 16749 | D:8      | Reached XP level 14. HP: 51/115 MP: 18/18
 16937 | D:8      | Reached skill level 12 in Axes
 16937 | D:8      | Reached XP level 15. HP: 122/122 MP: 19/19
 16939 | D:8      | Reached skill level 13 in Axes
 16939 | D:8      | Gained mutation: You are completely covered in iridescent scales. (AC +6) [demonic ancestry]
 16939 | D:8      | Reached XP level 16. HP: 129/129 MP: 20/20
 17229 | D:12     | Noticed a bone dragon
 17230 | D:12     | Found the +9 sword of Zonguldrok {reap}
 17473 | D:12     | Found a staircase to the Orcish Mines.
 17697 | Orc:1    | Entered Level 1 of the Orcish Mines
 17733 | Orc:1    | Found a frozen archway.
 17751 | IceCv    | Entered an ice cave
 17901 | IceCv    | Received a gift from Okawaru
 18263 | IceCv    | Received a gift from Okawaru
 18268 | IceCv    | Reached skill level 14 in Axes
 18947 | Orc:2    | Entered Level 2 of the Orcish Mines
 19042 | Orc:2    | Found a roughly hewn altar of Beogh.
 19087 | Orc:2    | Found Reblucy's Antique Armour Shoppe.
 19167 | Orc:2    | Found Tuskeptu's General Store.
 19187 | Orc:2    | Bought a scroll of blinking for 120 gold pieces
 19187 | Orc:2    | Bought a scroll of identify for 32 gold pieces
 19300 | Orc:2    | Found Saffor's Book Boutique.
 19312 | Orc:2    | Reached skill level 10 in Armour
 19490 | Orc:2    | Found a staircase to the Elven Halls.
 19509 | Orc:2    | Found Erosapto's Antique Weapon Shop.
 19688 | Elf:1    | Entered Level 1 of the Elven Halls
 20101 | Elf:1    | Received a gift from Okawaru
 20124 | Elf:1    | Got a warped hat {god gift}
 20135 | Elf:1    | Identified the +0 hat of Indecent Exposure {-Tele rPois Regen+} (Okawaru gifted it to you on level 1 of the Elven Halls)
 20457 | Elf:1    | Reached skill level 15 in Axes
 20967 | D:13     | Gained mutation: You are robust. (+10% HP) [demonic ancestry]
 20967 | D:13     | Reached XP level 17. HP: 123/152 MP: 21/21
 21350 | D:13     | Found a portal to a secret trove of treasure.
 21614 | D:14     | Found a gate to the Vaults.
 21614 | D:14     | Noticed Nessos
 22118 | D:4      | Bought the +8 whip "Snakebite" {curare, rPois} for 1084 gold pieces
 22118 | D:4      | Found the +8 whip "Snakebite" {curare, rPois}
 22287 | Swamp:1  | Entered Level 1 of the Swamp
 22910 | Swamp:1  | Identified a scroll of acquirement
 22913 | Swamp:1  | Found the +3 warlock's mirror {reflect}
 23852 | Swamp:2  | Identified the cursed +1 chain mail of Marbles {MR+ MP-9 Str+3 Int+3} (You found it on level 2 of the Swamp)
 24252 | Swamp:3  | Reached skill level 5 in Shields
 24288 | Swamp:3  | Reached skill level 16 in Axes
 24321 | Swamp:3  | Received a gift from Okawaru
 24859 | Swamp:4  | Entered Level 4 of the Swamp
 25334 | Swamp:4  | Reached skill level 15 in Fighting
 25593 | Swamp:4  | Received a gift from Okawaru
 25596 | Swamp:4  | Got a fine hat {god gift}
 25636 | Swamp:4  | Identified the +0 hat of Okawaru {*Contam +Inv Dex+8} (Okawaru gifted it to you on level 4 of the Swamp)
 26347 | Swamp:4  | Gained mutation: You are very robust. (+20% HP) [demonic ancestry]
 26347 | Swamp:4  | Reached XP level 18. HP: 150/178 MP: 22/22
 26463 | Swamp:4  | Got a decaying rune of Zot
 26726 | Spider:1 | Entered Level 1 of the Spider Nest
 27165 | Spider:1 | Noticed SnowToad's ghost (journeyman MiBe)
 27168 | Spider:1 | Found a transporter.
 27186 | Spider:1 | Found a transporter.
 28191 | Spider:2 | Reached skill level 17 in Axes
 28254 | Spider:2 | Gained mutation: You are extremely robust. (+30% HP) [mutagenic glow]
 28544 | Spider:2 | Noticed Arachne
 28568 | Spider:2 | Killed Arachne
 28568 | Spider:2 | Received a gift from Okawaru
 28599 | Spider:2 | Got a slimy hand axe {god gift}
 28632 | Spider:2 | Identified the +9 hand axe of the Doomed Warrior {venom, *Rage Int+2 Dex+6} (Okawaru gifted it to you on level 2 of the Spider Nest)
 29900 | Spider:4 | Entered Level 4 of the Spider Nest
 30144 | Spider:4 | Received a gift from Okawaru
 30202 | Spider:4 | Identified the +9 halberd of Contradiction {chop, +Fly rF+} (Okawaru gifted it to you on level 4 of the Spider Nest)
 30233 | Spider:4 | Reached skill level 1 in Invocations
 30399 | Spider:4 | Received a gift from Okawaru
 30400 | Spider:4 | Found the +8 frozen axe "Frostbite" {freezing cloud, *Noise +Fly rC+}
 30531 | Spider:4 | Reached XP level 19. HP: 198/204 MP: 17/23
 30898 | Spider:4 | Reached skill level 18 in Axes
 30917 | Spider:4 | Got a gossamer rune of Zot
 31643 | D:14     | Reached skill level 5 in Invocations
 31744 | D:14     | Received a gift from Okawaru
 31755 | D:14     | Killed Nessos
 31768 | D:14     | Found a shadowy altar of Dithmenos.
 32186 | D:15     | Entered Level 15 of the Dungeon
 33033 | D:15     | Found Umarayl's Armour Boutique.
 33447 | D:15     | Lost mutation: You have a pair of small horns on your head. [potion of mutation]
 33447 | D:15     | Lost mutation: Your magical capacity is low. (-10% MP) [potion of mutation]
 33447 | D:15     | Gained mutation: You are covered in fur. (AC +1) [potion of mutation]
 33447 | D:15     | Gained mutation: You have claws for hands. [potion of mutation]
 33456 | D:15     | Bought a +1 helmet of see invisible for 231 gold pieces
 33478 | D:15     | Found a staircase to the Depths.
 33915 | Elf:2    | Found a runed gate.
 33915 | Elf:2    | Found a runed gate.
 33915 | Elf:2    | Found a runed gate.
 33927 | Elf:2    | Received a gift from Okawaru
 34394 | Orc:2    | Bought a +1 plate armour of magic resistance for 560 gold pieces
 34586 | Elf:3    | Entered Level 3 of the Elven Halls
 34989 | Elf:3    | Received a gift from Okawaru
 35029 | Elf:3    | Mutation became permanent: You have very sharp fingernails. [demonic ancestry]
 35029 | Elf:3    | Gained mutation: You have claws for hands. [demonic ancestry]
 35029 | Elf:3    | Reached XP level 20. HP: 174/215 MP: 24/26
 35037 | Elf:3    | Reached skill level 19 in Axes
 35181 | Elf:3    | Received a gift from Okawaru
 35542 | Elf:3    | Got a vibrating copper ring
 35570 | Elf:3    | Found the +6 arbalest "Damnation" {damnation}
 35591 | Elf:3    | Identified the ring "Toliful" {Wiz rN+} (You took it off a deep elf master archer on level 3 of the Elven Halls)
 35610 | Elf:3    | Got a pair of heavily runed boots
 35611 | Elf:3    | Identified the +2 pair of boots of Eternity {*Corrode rElec rC+++ Int-5} (You found it on level 3 of the Elven Halls)
 35702 | Elf:3    | Identified Cass's Reference Book on Quantum Aid
 35820 | Elf:3    | Got a warped war axe {flame}
 35821 | Elf:3    | Identified the cursed +3 war axe "Venlun" {flame, MP+9} (You took it off a deep elf sorcerer on level 3 of the Elven Halls)
 35930 | Elf:3    | Reached skill level 1 in Maces & Flails
 36017 | Elf:3    | Received a gift from Okawaru
 36020 | Elf:3    | Got a blackened chain mail {god gift}
 36021 | Elf:3    | Identified the +1 chain mail of Arafan {rF+ Str+3 Dex+5 Slay-2} (Okawaru gifted it to you on level 3 of the Elven Halls)
 37039 | Depths:1 | Entered Level 1 of the Depths
 37532 | Depths:1 | Reached skill level 10 in Invocations
 37544 | Depths:1 | Found Namixko's Weapon Shoppe.
 38013 | Depths:1 | Found Roxzyohe's Antique Weapon Shop.
 38102 | Depths:1 | Found Haajueh's Book Shop.
 38116 | Depths:1 | Found Dunum's Distillery.
 38219 | Depths:1 | Bought a potion of agility for 44 gold pieces
 38219 | Depths:1 | Bought a potion of agility for 44 gold pieces
 38219 | Depths:1 | Bought a potion of heal wounds for 55 gold pieces
 38219 | Depths:1 | Bought a potion of might for 44 gold pieces
 38229 | Depths:1 | Found a gateway to a ziggurat.
 38256 | Depths:1 | Found a shimmering altar of Xom.
 38627 | Depths:1 | Found Ferchuq's Armour Shoppe.
 38664 | Depths:1 | Found a gateway to Hell.
 38894 | Depths:1 | Reached skill level 5 in Maces & Flails
 38968 | Depths:2 | Received a gift from Okawaru
 39112 | Depths:2 | Gained mutation: You are completely covered in sharp spines. [demonic ancestry]
 39112 | Depths:2 | Reached XP level 21. HP: 207/227 MP: 29/29
 39312 | Depths:2 | Noticed a juggernaut
 39532 | Vaults:1 | Entered Level 1 of the Vaults
 39675 | Vaults:1 | Reached skill level 20 in Axes
 39718 | Vaults:1 | Noticed Asterion
 39734 | Vaults:1 | Killed Asterion
 39833 | Vaults:1 | Noticed Nikola
 39868 | Vaults:1 | Killed Nikola
 40784 | Vaults:1 | Found the amulet of the Air {Inacc +Fly rElec EV+5 RMsl}
 40844 | Vaults:1 | Found Xontuefi's Book Shop.
 41052 | Vaults:2 | Received a gift from Okawaru
 41748 | Vaults:2 | Reached skill level 15 in Armour
 41953 | Vaults:2 | Received a gift from Okawaru
 41981 | Vaults:2 | Identified the +8 hand axe of Big Damage {chop, Dex+4} (Okawaru gifted it to you on level 2 of the Vaults)
 42401 | Vaults:2 | Reached XP level 22. HP: 218/239 MP: 31/31
 43038 | Vaults:3 | Received a gift from Okawaru
 43049 | Vaults:3 | Reached skill level 21 in Axes
 43157 | Vaults:3 | Reached skill level 10 in Maces & Flails
 43438 | Vaults:3 | Noticed Margery
 43455 | Vaults:3 | Received a gift from Okawaru
 43460 | Vaults:3 | Killed Margery
 43579 | Vaults:3 | Found a staircase to the Crypt.
 44177 | Depths:2 | Killed a juggernaut
 44592 | Depths:2 | Received a gift from Okawaru
 44908 | Orc:2    | Bought a glowing crystal plate armour for 2075 gold pieces
 45303 | Depths:3 | Reached XP level 23. HP: 240/249 MP: 33/33
 45412 | Depths:3 | Reached skill level 1 in Spellcasting
 46650 | Depths:3 | Identified Sif Muna's Disquisition on Displaced Flames
 46738 | Depths:3 | Received a gift from Okawaru
 46770 | Depths:3 | Found a one-way gate leading to the halls of Pandemonium.
 47191 | Depths:4 | Found Tushrefec's Antique Weapon Shoppe.
 47321 | Depths:4 | Reached skill level 22 in Axes
 47493 | Depths:4 | Found the +8 glaive of the Guard {elec, +Rage AC+5 SInv}
 47567 | Depths:4 | Noticed Xtahua
 47586 | Depths:4 | Killed Xtahua
 47638 | Depths:4 | Found a one-way gate to the infinite horrors of the Abyss.
 47656 | Depths:4 | Found a sparkling altar of Nemelex Xobeh.
 47742 | Depths:4 | Voluntarily entered the Abyss.
 48000 | Abyss:2  | Received a gift from Okawaru
 48186 | Abyss:2  | Reached skill level 5 in Spellcasting
 48256 | Abyss:3  | Mutation became permanent: You are very robust. (+20% HP) [demonic ancestry]
 48256 | Abyss:3  | Gained mutation: You are extremely robust. (+30% HP) [demonic ancestry]
 48256 | Abyss:3  | Reached XP level 24. HP: 250/259 MP: 27/33
 48298 | Abyss:3  | Got an abyssal rune of Zot
 48318 | Depths:4 | Escaped the Abyss
 48567 | D:13     | You showed the abyssal rune of Zot to enter a treasure trove
 48568 | Trove    | Entered a treasure trove
 48604 | Trove    | Identified the +3 shield of the Seven Lies {*Corrode rPois MR+ Dex+3} (You found it in a treasure trove)
 48629 | Trove    | Got a brightly glowing plate armour
 48630 | Trove    | Identified the +0 plate armour of the Gloaming {+Blink MP+9 Dex-4 SInv} (You found it in a treasure trove)
 48896 | Depths:5 | Entered Level 5 of the Depths
 49496 | Depths:5 | Found a burning altar of Makhleb.
 49496 | Depths:5 | Found a burning altar of Makhleb.
 49628 | Depths:5 | Found a gate to the Realm of Zot.
 49697 | Depths:5 | Found a blossoming altar of Fedhas.
 49736 | Depths:5 | Noticed a juggernaut
 49747 | Depths:5 | Killed a juggernaut
 49843 | Depths:5 | Received a gift from Okawaru
 49901 | Depths:5 | Noticed a juggernaut
 49914 | Depths:5 | Killed a juggernaut
 50095 | Depths:5 | Reached skill level 23 in Axes
 50142 | Depths:5 | Noticed a juggernaut
 50170 | Depths:5 | Killed a juggernaut
 50361 | Depths:5 | Received a gift from Okawaru
 50493 | Hell     | Entered the Vestibule of Hell
 50493 | Hell     | Noticed Geryon
 50498 | Hell     | Reached XP level 25. HP: 266/271 MP: 26/33
 50525 | Hell     | Gained mutation: You tend to lose your temper in combat. [a cacodemon]
 50530 | Hell     | Killed Geryon
 50542 | Hell     | Gained mutation: You often lose your temper in combat. [a cacodemon]
 51156 | Vaults:4 | Lost mutation: You passively map a small area around you. [potion of mutation]
 51156 | Vaults:4 | Gained mutation: You are agile. (Dex +2) [potion of mutation]
 51156 | Vaults:4 | Gained mutation: You have an increased reservoir of magic. (+10% MP) [potion of mutation]
 51346 | Vaults:4 | Paralysed by a sphinx for 7 turns
 51456 | Vaults:4 | Received a gift from Okawaru
 51623 | Vaults:4 | Found Puog's Antique Weapon Shoppe.
 51681 | Vaults:4 | Noticed Jory
 51693 | Vaults:4 | Killed Jory
 52132 | Vaults:5 | Entered Level 5 of the Vaults
 52141 | Vaults:5 | Received a gift from Okawaru
 52150 | Vaults:5 | Received a gift from Okawaru
 52191 | Vaults:5 | Reached skill level 24 in Axes
 52205 | Vaults:5 | Reached skill level 15 in Maces & Flails
 52215 | Vaults:5 | Reached XP level 26. HP: 199/286 MP: 36/37
 52290 | Vaults:5 | Noticed an ancient lich
 52317 | Vaults:5 | Killed an ancient lich
 52349 | Vaults:5 | Received a gift from Okawaru
 52421 | Vaults:5 | Identified the +0 pair of boots of Circular Logic {Dex+6} (You acquired it on level 5 of the Vaults)
 52541 | Vaults:5 | Found the +2 shield of Resistance {rF+ rC+ MR+}
 52845 | Vaults:5 | Identified Wagag's Volume of Confrontation
 52848 | Vaults:5 | Identified the Compendium of Dusty Venom
 53002 | Vaults:5 | Identified Xaek's Guide on Icy Confrontation
 53299 | Vaults:5 | Got a silver rune of Zot
 54171 | D:8      | Killed Grum
 55028 | Swamp:3  | Got a twisted broad axe {god gift}
 55029 | Swamp:3  | Identified the +8 broad axe of Hacking and Slashing {flame, MR++} (Okawaru gifted it to you on level 3 of the Swamp)
 56035 | Lair:5   | Fell from the grace of Okawaru
 56035 | Lair:5   | Became a worshipper of Jiyva Jivoc the Shapeless
 56289 | Lair:5   | Lost mutation: You are agile. (Dex +2) [potion of mutation]
 56289 | Lair:5   | Lost mutation: You often lose your temper in combat. [potion of mutation]
 56289 | Lair:5   | Gained mutation: Scrolls take you a little longer to read. [potion of mutation]
 56289 | Lair:5   | Gained mutation: You are somewhat resistant to further mutation. [potion of mutation]
 56290 | Lair:5   | Lost mutation: You have an increased reservoir of magic. (+10% MP) [potion of mutation]
 56290 | Lair:5   | Lost mutation: Scrolls take you a little longer to read. [potion of mutation]
 56290 | Lair:5   | Lost mutation: You are somewhat resistant to further mutation. [potion of mutation]
 56290 | Lair:5   | Lost mutation: You tend to lose your temper in combat. [potion of mutation]
 56290 | Lair:5   | Gained mutation: Scrolls take you a little longer to read. [potion of mutation]
 56290 | Lair:5   | Gained mutation: You have large cloven feet. [potion of mutation]
 56291 | Lair:5   | Lost mutation: You are covered in fur. (AC +1) [potion of mutation]
 56291 | Lair:5   | Lost mutation: You have large cloven feet. [potion of mutation]
 56291 | Lair:5   | Gained mutation: You are clumsy. (Dex -2) [potion of mutation]
 56291 | Lair:5   | Gained mutation: Your mind is acute. (Int +2) [potion of mutation]
 56291 | Lair:5   | Gained mutation: You are somewhat resistant to further mutation. [potion of mutation]
 56292 | Lair:5   | Lost mutation: You are clumsy. (Dex -2) [potion of mutation]
 56292 | Lair:5   | Lost mutation: Scrolls take you a little longer to read. [potion of mutation]
 56292 | Lair:5   | Gained mutation: You possess an exceptional clarity of mind. [potion of mutation]
 56972 | Zot:1    | Entered Level 1 of the Realm of Zot
 57378 | D:13     | Reached * piety under Jiyva
 57416 | D:13     | Reached ** piety under Jiyva
 57943 | Depths:5 | Reached *** piety under Jiyva
 57949 | Depths:5 | Gained mutation: Your system is resistant to poisons. (rPois) [Jiyva's grace]
 57967 | Depths:5 | Reached **** piety under Jiyva
 57974 | Depths:5 | Gained mutation: Your spells are a little harder to cast, but a little more powerful. [Jiyva's grace]
 57990 | Depths:5 | Reached ***** piety under Jiyva
 57991 | Depths:5 | Gained mutation: You have supernaturally acute eyesight. (SInv) [Jiyva's grace]
 58033 | Depths:5 | Lost mutation: Your system is resistant to poisons. (rPois) [Jiyva's grace]
 58094 | Depths:5 | Gained mutation: You have sharp toenails. [Jiyva's grace]
 58230 | Depths:4 | Reached ****** piety under Jiyva
 58681 | Spider:1 | Killed SnowToad's ghost
 58681 | Spider:1 | Lost mutation: You possess an exceptional clarity of mind. [Jiyva's grace]
 58815 | Slime:1  | Entered Level 1 of the Pits of Slime
 58856 | Slime:5  | Entered Level 5 of the Pits of Slime
 58864 | Slime:5  | Found a viscous altar of Jiyva.
 58865 | Slime:5  | Noticed the Royal Jelly
 58867 | Slime:5  | Gained mutation: You have razor-sharp toenails. [Jiyva's grace]
 58872 | Slime:5  | Lost mutation: You are somewhat resistant to further mutation. [Jiyva's grace]
 58878 | Slime:5  | Gained mutation: Your body has grown golden eyes which may confuse attackers. (Acc +3) [Jiyva's grace]
 58882 | Slime:5  | Lost mutation: Your mind is acute. (Int +2) [Jiyva's grace]
 58893 | Slime:5  | Got a slimy rune of Zot
 58895 | Slime:5  | Gained mutation: You are resistant to electric shocks. (rElec) [Jiyva's grace]
 58977 | Slime:1  | You fall through a shaft!
 59049 | Slime:1  | Found a viscous altar of Jiyva.
 59658 | Hell     | Found a gateway to the Iron City of Dis.
 59717 | Hell     | Found a gateway to the ashen valley of Gehenna.
 59731 | Hell     | Lost mutation: Your spells are a little harder to cast, but a little more powerful. [Jiyva's grace]
 59764 | Hell     | Found a gateway to the decaying netherworld of Tartarus.
 59811 | Hell     | Found a gateway to the freezing wastes of Cocytus.
 60525 | D:11     | Gained mutation: You possess an exceptional clarity of mind. [Jiyva's grace]
 60604 | D:9      | Gained mutation: You are agile. (Dex +2) [Jiyva's grace]
 60654 | D:9      | Lost mutation: You have razor-sharp toenails. [Jiyva's grace]
 60965 | Vaults:5 | Identified a +1 pair of boots of running (You found it on level 5 of the Vaults)
 60991 | Vaults:5 | Lost mutation: You possess an exceptional clarity of mind. [Jiyva's grace]
 61262 | Pan      | Entered Pandemonium
 61265 | Pan      | Noticed Poppac the pandemonium lord
 61334 | Pan      | Reached XP level 27. HP: 300/300 MP: 33/33
 61796 | Pan      | Lost mutation: Your body has grown golden eyes which may confuse attackers. (Acc +3) [Jiyva's grace]
 62055 | Pan      | Noticed Epokh the pandemonium lord
 62069 | Pan      | Killed Epokh the pandemonium lord
 62567 | Pan      | Noticed Ikecaf the pandemonium lord
 62770 | Pan      | Killed Ikecaf the pandemonium lord
 62816 | Pan      | Got a demonic rune of Zot
 63016 | Pan      | Gained mutation: You do not regenerate when monsters are visible. [a neqoxec]
 63039 | Pan      | Lost mutation: You do not regenerate when monsters are visible. [Jiyva's power]
 64011 | Pan      | Gained mutation: Potions are less effective at restoring your health. [a neqoxec]
 64034 | Pan      | Lost mutation: Potions are less effective at restoring your health. [Jiyva's power]
 64143 | Pan      | Reached skill level 10 in Shields
 64241 | Pan      | Gained mutation: You expend magic power (3 MP) to strengthen your wands. [Jiyva's grace]
 64329 | Pan      | Lost mutation: You have sharp toenails. [Jiyva's grace]
 64412 | Pan      | Found an exit through the horrors of the Abyss.
 64866 | Pan      | Lost mutation: You are agile. (Dex +2) [a cacodemon]
 64875 | Pan      | Gained mutation: You have sharp toenails. [Jiyva's grace]
 65149 | Pan      | Was forgiven by Okawaru
 65154 | Pan      | Gained mutation: Armour fits poorly on your pseudopods. [Jiyva's grace]
 65270 | Pan      | Gained mutation: You occasionally shout uncontrollably at your foes. [a neqoxec]
 65525 | Pan      | Noticed Wekkoar the pandemonium lord
 65543 | Pan      | Killed Wekkoar the pandemonium lord
 65586 | Pan      | Gained mutation: You are agile. (Dex +2) [Jiyva's grace]
 65587 | Pan      | Lost mutation: You occasionally shout uncontrollably at your foes. [Jiyva's power]
 65933 | Pan      | Lost mutation: You are agile. (Dex +2) [Jiyva's grace]
 66293 | Pan      | Got a crystal dagger
 66294 | Pan      | Identified the cursed +1 dagger of the Curious Princes {drain, rPois MP+9} (You found it in Pandemonium)
 66370 | Pan      | Found a runed door.
 66394 | Pan      | Found a runed door.
 66427 | Pan      | Found a runed door.
 66437 | Pan      | Found a runed door.
 66642 | Pan      | Found an exit through the horrors of the Abyss.
 66903 | Pan      | Gained mutation: You possess an exceptional clarity of mind. [Jiyva's grace]
 67016 | Pan      | Noticed Xachuosula the pandemonium lord
 67074 | Pan      | Killed Xachuosula the pandemonium lord
 67089 | Pan      | Found an exit through the horrors of the Abyss.
 67183 | Pan      | Noticed Laqorph the pandemonium lord
 67432 | Pan      | Killed Laqorph the pandemonium lord
 67827 | Pan      | Lost mutation: You expend magic power (3 MP) to strengthen your wands. [a neqoxec]
 67936 | Pan      | Found an exit through the horrors of the Abyss.
 68168 | Pan      | Noticed Etarghuek the pandemonium lord
 68204 | Pan      | HP: 2/304 [Etarghuek the pandemonium lord (24)]
 68204 | Pan      | Slain by Etarghuek the pandemonium lord

Vault maps used:
D:1:      lemuel_arrival_lava_pool
D:2:      gammafunk_temple_overflow_elements, first_ration
D:3:      st_stairs_11, minmay_distorted
D:4:      serial_shops, shop, columned_hall_lemuel, uniq_duvessa
D:5:      cheibrodos_two_vegetables, minmay_temple_entry_statues_fountains,
          cheibriados_altar_1, uniq_grinder
D:6:      lemuel_coloured_pillars_altar, eino_tiny_chamber
D:7:      serial_shops, nicolae_shop_trees, the_bakery
D:8:      minmay_curly_fans, nicolae_overflow_hidden_temple, lair_entry_dummy,
          nicolae_gozag_cash_rules_everything_around_me, uniq_grum
D:10:     basic_altar, gammafunk_ghost_necromancy
D:12:     orc_0_dummy, minmay_guarded_unrand_zonguldrok
D:13:     trove_entry_hex_spiral, grunt_ministairs_11
D:14:     david_vaults_3, basic_altar, elves_outpost_lemuel
D:15:     gammafunk_depths_entry_grave, serial_shops, shop_fountains,
          roderic_lattice_octagonal_star
Temple:   dpeg_five_rooms_temple
Lair:1:   gammafunk_ghost_split
Lair:2:   grunt_forest_small_clearing_treed
Lair:3:   swamp_mist, spider_nest_entry_webs
Lair:4:   serial_bayou_crossing, serial_bayou_shore_a
Lair:5:   slime_altar_1, basic_altar, nicolae_volcano_entry_s_turn,
          lemuel_fruit_tree, grunt_megastairs_3
Lair:6:   gammafunk_lair_ancient_temple, bh_autumn_forest_stairs,
          serial_bayou_pond_d, grunt_forest_large_clearings, uniq_kirke,
          uniq_rupert
Swamp:1:  hangedman_swamp_cone, infiniplex_staircase_pool
Swamp:2:  evilmike_swamp_ruin_house_5, infiniplex_staircase_pool_2
Swamp:3:  nicolae_swamp_fairy_circle
Swamp:4:  swamp_vile, swamp_pool5
Spider:1: gammafunk_ghost_arena
Spider:2: uniq_arachne
Spider:3: spider_trap, nicolae_spider_shape
Spider:4: grunt_spider_rune_circles
Slime:1:  basic_altar
Orc:1:    serial_shops, shop, portal_ice_cave_entry_pillars_1
Orc:2:    grunt_orc_gardens, grunt_orc_garden, grunt_orc_garden,
          grunt_orc_garden, grunt_orc_garden, bh_open_orc_temple
Elf:1:    minmay_elf_crystal_hexagon
Elf:3:    minmay_elf_hall_furrowed, spider_trap
Vaults:1: nicolae_vaults_three_branches, vaults_room_hallway,
          nicolae_vaults_ring_of_whatevers, v_alt_pattern_3,
          grunt_vaults_diagonal, nicolae_vaults_network_barrier,
          ontoclasm_vaults_fault, vaults_standard_mumra_x, v_misc_33,
          kb_rosetta, nicolae_vaults_network_quincunx,
          vaults_mumra_chevron_long, nicolae_vaults_network_quinsquares,
          vaults_room_mumra_shop_pool, uniq_asterion, uniq_nikola
Vaults:2: vaults_standard_mumra_lines, hangedman_vaults_stagger, v_misc_19,
          nicolae_vaults_network_star, ontoclasm_vaults_ring_square, v_misc_17,
          hangedman_vaults_slither, v_pattern_1, nicolae_vaults_ninety_degrees,
          nicolae_vaults_little_squares_3
Vaults:3: v_misc_4, minmay_crypt_entry_simple_round,
          nicolae_vaults_specimen_jars, v_misc_11, v_misc_27,
          grunt_vaults_twisty, nicolae_vaults_little_squares_4,
          nicolae_vaults_hallways_thing, st_octagons_2,
          nicolae_vaults_what_the_h, nicolae_vaults_asterisk,
          hangedman_vaults_maws, uniq_margery
Vaults:4: ontoclasm_vaults_ligature, v_rooms_3, hangedman_vaults_corner,
          vaults_room_octagon, vaults_room_boxed, grunt_vaults_swirl, v_misc_19,
          grunt_vaults_trifunnel, v_pattern_4, vaults_room_pools,
          ontoclasm_vaults_bender, ontoclasm_vaults_pinch, serial_shops,
          shop_fountains, uniq_jory
Vaults:5: serial_shops
Depths:1: ziggurat_fallback, serial_shops, shop,
          nicolae_shop_temple_entry_statues_fountains, shop,
          nicolae_shop_overgrown_old_shop, shop, minmay_misc_feat_square,
          grunt_hell_horde, minmay_misc_feat_five, spider_trap,
          minmay_crystal_water, xom_teletrap_fun
Depths:2: kennysheep_water_balloons, hangedman_coc_ice_floe,
          hangedman_abyss_or_decor_lesser_grid, nicolae_twisting_strands,
          kennysheep_four_rooms
Depths:3: evilmike_cross, pan_entry, pf_hell_entry_tar_spiral,
          minmay_misc_feat_room, spider_trap, hangedman_aviary,
          infiniplex_staircase_pillars_3a
Depths:4: abrahamwl_protected_by_tso_1, serial_shops, shop_fountains,
          grunt_hell_entry_dis_old, serial_column_ruins,
          column_ruins_temple_hall, column_ruins_columns_dead_end,
          column_ruins_open_large, column_ruins_columns_straight,
          column_ruins_open_small, column_ruins_columns_T,
          column_ruins_columns_straight, abyss_entry, uniq_xtahua
Depths:5: hangedman_slaughterboxes, hell_entry
Zot:1:    lemuel_baited_zot_trap, st_small_dragon_hoard_2
Abyss:1:  evilmike_abyss_exit_12, evilmike_abyss_exit_13
Abyss:2:  hangedman_eye_storm
Abyss:3:  evilmike_nicolae_abyss_rune_betentacled_crabyss, minivault_1,
          patterned_corridor
Pan:      rand_demon_3, evilmike_mini_pan_doors_b, grunt_pan_frozen_over,
          evilmike_mini_pan_diamond, nicolae_pan_gloorx_vloqian_3,
          reaverb_pan_squares, regret_index_pan_draining_boxed,
          evilmike_mini_pan_pillars, grunt_pan_in_and_out, pan_blood_fountain,
          pan_blood_fountain_small, evilmike_mini_pan_doors,
          evilmike_mini_pan_doors_b, rand_demon_7, grunt_pan_sceptre,
          nicolae_pan_hourglass, pan_blood_fountain_small,
          nicolae_pan_sigil_obb, nicolae_pan_double_arrow
Trove:    trove_simple
IceCv:    ice_cave_caverns_03
Volcano:  volcano_grotto

Skill      XL: |  1  2  3  4  5  6  7  8  9 10 11 12 13 14 15 16 17 18 19 20 21 22 23 24 25 26 27 |
---------------+----------------------------------------------------------------------------------+-----
Polearms       | 2 3 |  3.5
Dodging        | 1 2 3 4 5 6 7 9 |  9.8
Fighting       | 3 4 5 6 7 8 10 11 12 14 15 16 17 18 19 20 21 23 | 23.5
Armour         | 2 3 4 5 7 8 10 11 12 13 14 15 16 17 18 19 21 | 21.0
Axes           | 1 2 4 5 7 8 9 11 12 13 15 16 17 18 19 20 21 22 23 24 | 24.6
Evocations     | 4 6 7 9 |  9.0
Shields        | 1 4 6 7 12 | 12.4
Stealth        | 3 |  3.9
Invocations    | 3 8 11 12 14 | 14.2
Maces & Flails | 5 8 11 13 14 15 | 15.6
Spellcasting   | 5 |  5.3
Throwing       | |  1.7

Action                   |  1- 3 |  4- 6 |  7- 9 | 10-12 | 13-15 | 16-18 | 19-21 | 22-24 | 25-27 || total
-------------------------+-------+-------+-------+-------+-------+-------+-------+-------+-------++-------
Melee: Spear             |   141 |   252 |       |       |       |       |       |       |       ||   393
       Headbutt          |       |    22 |    43 |   103 |    46 |   542 |   146 |       |       ||   902
       War axe           |       |    16 |   190 |   542 |   218 |  1087 |  1351 |       |       ||  3404
       Whip              |       |       |       |       |       |   861 |    21 |       |       ||   882
       Executioner's axe |       |       |       |       |       |       |   336 |  1271 |  1169 ||  2776
       Hand axe          |       |       |       |       |       |       |    66 |       |       ||    66
       Battleaxe         |       |       |       |       |       |       |    62 |       |       ||    62
       Punch             |       |       |       |       |       |       |     3 |       |       ||     3
       Broad axe         |       |       |       |       |       |       |       |       |   980 ||   980
       Pseudopods        |       |       |       |       |       |       |       |       |   181 ||   181
Throw: Javelin           |       |       |       |     3 |       |       |       |       |       ||     3
 Cast: Apportation       |       |       |       |       |       |       |       |       |     2 ||     2
Invok: Heroism           |       |       |       |       |     3 |     7 |    19 |    22 |     7 ||    58
       Finesse           |       |       |       |       |     1 |     2 |    11 |    13 |     7 ||    34
       Request Jelly     |       |       |       |       |       |       |       |       |     2 ||     2
       Cure Bad Mutation |       |       |       |       |       |       |       |       |     7 ||     7
       Slimify           |       |       |       |       |       |       |       |       |     4 ||     4
Evoke: Wand              |       |       |     8 |     9 |       |    16 |     5 |     2 |    11 ||    51
       Lamp of fire      |       |       |       |       |       |       |       |     2 |     1 ||     3
       Horn of Geryon    |       |       |       |       |       |       |       |       |     2 ||     2
       Box of beasts     |       |       |       |       |       |       |       |       |     1 ||     1
       Phantom mirror    |       |       |       |       |       |       |       |       |     1 ||     1
  Use: Scroll            |     4 |     5 |    11 |    13 |     1 |    21 |    14 |    13 |    22 ||   104
       Potion            |     2 |     4 |       |     1 |     5 |     5 |     9 |     6 |    16 ||    48
 Stab: Invisible         |       |     3 |       |       |       |       |       |       |       ||     3
       Petrified         |       |       |     3 |       |       |       |       |       |       ||     3
       Paralysed         |       |       |       |       |       |    14 |       |       |       ||    14
       Confused          |       |       |       |       |       |     1 |       |       |     3 ||     4
       Petrifying        |       |       |       |       |       |       |     2 |       |       ||     2
       Distracted        |       |       |       |       |       |       |     1 |     2 |       ||     3
       Fleeing           |       |       |       |       |       |       |       |       |     1 ||     1
  Eat: Chunk             |     3 |     7 |     7 |    10 |     4 |    18 |    12 |     4 |       ||    65
       Ration            |       |       |     1 |     5 |       |     9 |     8 |     7 |     7 ||    37
Armor: Scale mail        |    40 |       |       |       |       |       |       |       |       ||    40
       Skin              |    20 |     6 |       |       |       |       |       |       |       ||    26
       Chain mail        |    12 |   139 |   140 |   265 |   126 |   830 |   260 |       |       ||  1772
       Plate armour      |       |       |       |       |       |       |   462 |   200 |       ||   662
       Crystal plate arm |       |       |       |       |       |       |       |   576 |  1402 ||  1978
Dodge: Dodged            |    42 |    75 |    84 |   287 |   206 |  1017 |   682 |   787 |  1410 ||  4590
       Deflected         |       |     1 |    10 |    11 |     2 |    18 |     1 |    57 |    98 ||   198
Block: Buckler           |       |       |       |    32 |    77 |   609 |   478 |       |       ||  1196
       Reflection        |       |       |       |       |       |    11 |    70 |       |       ||    81
       Shield            |       |       |       |       |       |       |       |       |   641 ||   641

Table legend:
 A = Spawn XP
 B = Non-spawn XP
 C = Spawn XP percentage of total XP
 D = Spawn monster count
 E = Non-spawn monster count
 F = Spawn count percentage of total count
 G = Total turns spent on level
                    A         B        C        D         E        F      G
               +---------+---------+-------+---------+---------+-------+---------
         Total |   74413 | 1621418 |   4.4 |     101 |    2622 |   3.7 | 68204
               +---------+---------+-------+---------+---------+-------+---------
           D:1 |       0 |      20 |   0.0 |       0 |      15 |   0.0 |   760
           D:2 |       0 |     156 |   0.0 |       0 |      29 |   0.0 |  1703
           D:3 |       0 |     231 |   0.0 |       0 |      25 |   0.0 |  1092
           D:4 |       0 |     644 |   0.0 |       0 |      26 |   0.0 |   454
           D:5 |       0 |     803 |   0.0 |       0 |      17 |   0.0 |  1175
           D:6 |       0 |    2129 |   0.0 |       0 |      26 |   0.0 |   834
           D:7 |       0 |    1815 |   0.0 |       0 |      37 |   0.0 |  1381
           D:8 |       0 |    3760 |   0.0 |       0 |      35 |   0.0 |  2883
           D:9 |       0 |    3411 |   0.0 |       0 |      33 |   0.0 |  1762
          D:10 |       0 |    2921 |   0.0 |       0 |      21 |   0.0 |  1334
          D:11 |       0 |    3558 |   0.0 |       0 |      45 |   0.0 |  1183
          D:12 |       0 |   11708 |   0.0 |       0 |      49 |   0.0 |  1575
          D:13 |       0 |    7602 |   0.0 |       0 |      31 |   0.0 |  2040
          D:14 |       0 |   28092 |   0.0 |       0 |      78 |   0.0 |  1347
          D:15 |       0 |   19263 |   0.0 |       0 |      50 |   0.0 |  2176
        Lair:1 |       0 |    2769 |   0.0 |       0 |      11 |   0.0 |  1431
        Lair:2 |       0 |    3223 |   0.0 |       0 |      10 |   0.0 |  1694
        Lair:3 |       0 |    3401 |   0.0 |       0 |      14 |   0.0 |  1124
        Lair:4 |       0 |    9013 |   0.0 |       0 |      28 |   0.0 |   832
        Lair:5 |       0 |    5498 |   0.0 |       0 |      21 |   0.0 |   949
        Lair:6 |       0 |   17413 |   0.0 |       0 |      68 |   0.0 |   477
       Swamp:1 |       0 |    8704 |   0.0 |       0 |      24 |   0.0 |   913
       Swamp:2 |       0 |   15473 |   0.0 |       0 |      40 |   0.0 |   828
       Swamp:3 |       0 |   14816 |   0.0 |       0 |      34 |   0.0 |   774
       Swamp:4 |       0 |   33938 |   0.0 |       0 |      62 |   0.0 |  1706
      Spider:1 |       0 |   21383 |   0.0 |       0 |      61 |   0.0 |  1321
      Spider:2 |       0 |   21149 |   0.0 |       0 |      51 |   0.0 |   940
      Spider:3 |       0 |   21940 |   0.0 |       0 |      44 |   0.0 |  1200
      Spider:4 |       0 |   33394 |   0.0 |       0 |      84 |   0.0 |   697
         Orc:1 |       0 |    3657 |   0.0 |       0 |      48 |   0.0 |   402
         Orc:2 |       0 |   11451 |   0.0 |       0 |      34 |   0.0 |  1010
         Elf:1 |       0 |   20020 |   0.0 |       0 |      35 |   0.0 |  1140
         Elf:2 |       0 |   18350 |   0.0 |       0 |      28 |   0.0 |   425
         Elf:3 |       0 |   71820 |   0.0 |       0 |      59 |   0.0 |  1827
      Vaults:1 |       0 |   63161 |   0.0 |       0 |     105 |   0.0 |  1784
      Vaults:2 |       0 |   57348 |   0.0 |       0 |      82 |   0.0 |  1762
      Vaults:3 |       0 |   93492 |   0.0 |       0 |     105 |   0.0 |  1352
      Vaults:4 |       0 |   55190 |   0.0 |       0 |      81 |   0.0 |  1205
      Vaults:5 |       0 |  174952 |   0.0 |       0 |     139 |   0.0 |  1696
      Depths:1 |       0 |   61176 |   0.0 |       0 |      81 |   0.0 |  1706
      Depths:2 |       0 |   59842 |   0.0 |       0 |      61 |   0.0 |  1488
      Depths:3 |       0 |   65481 |   0.0 |       0 |      62 |   0.0 |  1724
      Depths:4 |       0 |   55391 |   0.0 |       0 |      52 |   0.0 |  1203
      Depths:5 |       0 |  151011 |   0.0 |       0 |     106 |   0.0 |  2307
          Hell |       0 |   69842 |   0.0 |       0 |     114 |   0.0 |   881
         Zot:1 |       0 |   13785 |   0.0 |       0 |      10 |   0.0 |    35
       Abyss:1 |       8 |       0 | 100.0 |       1 |       0 | 100.0 |    40
       Abyss:2 |   16019 |    6816 |  70.2 |      23 |      22 |  51.1 |   434
       Abyss:3 |    4277 |   12387 |  25.7 |       6 |      11 |  35.3 |   102
           Pan |   54109 |  239392 |  18.4 |      71 |     251 |  22.0 |  6942
         IceCv |       0 |   12744 |   0.0 |       0 |      47 |   0.0 |   783
       Volcano |       0 |    5883 |   0.0 |       0 |      20 |   0.0 |   775
               +---------+---------+-------+---------+---------+-------+---------
